Cogmind - Beta 13 @@@ ROGUE MODE // 2024.04.08 @ 00:46:18 Player: Big Tortoise Result: Destroyed by G-67 Veteran with Plasma Rifle Performance ------------- Evolutions (7) 3500 Regions Visited (28) 5600 Robots Destroyed (302) 1510 Value Destroyed (19099) 19099 Prototype IDs (62) 1240 Alien Tech Used (0) 0 Bonus (14275) 14275 TOTAL SCORE: 45224 Bonus ------- Triggered Max Security 1000 High Alert Combat Kills 2837 Follower Combat Kills 5800 Entered Garrisons 1400 Used RIF Installer 5000 Network Hubs Disabled 200 Aligned with FarCom 300 Met R17 at Cetus 500 Scanned by Researcher 500 Friendly Fire -3262 Cogmind --------- Core Integrity 0/1300 Matter 290/300 Energy 38/100 System Corruption 25% Temperature Cool (0) Movement Core (100) Ox1 Location -3/Testing Parts ------- > --- POWER (2) -------- (None) > --- PROPULSION (4) --- (None) > --- UTILITY (11) ----- Experimental Core Analyzer Relay Coupler [Swarmer] (70) Relay Coupler [Hunter] (29) > --- WEAPON (4) ------- Improved Remote Datajack > --- INVENTORY (5) ---- Neutrino Core Centrium Medium Armor Plating Heavy Tesla Rifle Field Laser Peak State ------------ > --- POWER ------------ Reinforced Fission Core Reinforced Antimatter Reactor > --- PROPULSION ------- Centrium Heavy Treads Centrium Heavy Treads > --- UTILITY ---------- Advanced Heat Sink Advanced Cooling System High-capacity Storage Unit Experimental Optical Array Experimental Core Analyzer Centrium Medium Armor Plating Relay Coupler [Swarmer] Relay Coupler [Grunt] Relay Coupler [Sentry] Relay Coupler [Specialist] Relay Coupler [Behemoth] > --- WEAPON ----------- Tachyon Dispersion Ray Enhanced Nova Cannon Helical Railgun Compact Linear Accelerator > --- INVENTORY -------- Neutrino Core Advanced Heavy Siege Treads Matter Compressor Centrium Medium Armor Plating Centrium Medium Armor Plating Relay Coupler [Swarmer] Relay Coupler [Grunt] Relay Coupler [Grunt] Relay Coupler [Brawler] Relay Coupler [Sentry] Relay Coupler [Hunter] Heavy Tesla Rifle Heavy Tesla Rifle Quantum Rifle Enhanced Nova Cannon Railgun Improved Remote Datajack Improved Remote Datajack [Rating: 158] Favorites ----------- Power Reinforced Fission Core Engine Light Deuterium Engine Power Core Reinforced Fission Core Reactor Light Quantum Reactor Propulsion Wheel Treads Centrium Heavy Treads Wheel Wheel Hover Unit Cooled Antigrav System Flight Unit Cesium-ion Thruster Utility High-capacity Storage Unit Device Advanced Cooling System Storage High-capacity Storage Unit Processor Advanced Targeting Computer Hackware Relay Coupler [Grunt] Protection Improved Light Armor Plating Weapon Improved Remote Datajack Energy Gun Quantum Rifle Energy Cannon Disruptor Cannon Ballistic Gun Advanced KE Penetrator Ballistic Cannon Hypervelocity Mass Driver Launcher Smartbomb Launcher Special Weapon Improved Remote Datajack Impact Weapon Great Maul Slashing Weapon Carbide Saw Special Melee Weapon Datajack Build | -11 -10 -10 -9 -9 -9 -8 -8 -8 -8 -8 -7 -7 -6 -6 -6 -6 -5 -5 -5 -5 -5 -5 -5 -4 -4 -3 -3 -3 ------- Run | Yrd Mat Min Mat Min Exi Min Mat Gar Mat Gar Fac Gar Fac Gar Fac Gar Fac Was Fac Ext Cet Arc Hub Fac Gar Res Gar Tes Slots Evolved 14 | . . . 2 . . . 2 . . . 2 . 2 . . . 2 . . . . . . 2 . 2 . . Power 1 | . . . . . . . . . . . . . . . . . . . . . . . . 1 . . . . Propulsion 2 | . . . . . . . 1 . . . . . . . . . 1 . . . . . . . . . . . Utility 9 | . . . 2 . . . 1 . . . 1 . 2 . . . . . . . . . . 1 . 2 . . Weapon 2 | . . . . . . . . . . . 1 . . . . . 1 . . . . . . . . . . . Parts Attached 459 | 7 4 10 8 5 8 4 46 17 12 18 17 25 9 20 13 20 5 5 28 18 24 5 30 6 38 10 26 21 Power 21 | 1 1 1 1 . . . 2 1 . . 1 1 . . 1 . . 3 1 1 3 . . 1 2 . . . Engine 6 | 1 1 . . . . . 1 1 . . 1 . . . 1 . . . . . . . . . . . . . Core 9 | . . 1 1 . . . 1 . . . . . . . . . . 2 1 1 1 . . . 1 . . . Reactor 6 | . . . . . . . . . . . . 1 . . . . . 1 . . 2 . . 1 1 . . . Propulsion 49 | 2 1 3 2 . . . 9 4 2 2 . 2 1 . 1 . 1 1 5 3 2 . 5 . . . . 3 Treads 31 | 1 . . 1 . . . 2 4 . 1 . 2 1 . 1 . 1 1 5 3 2 . 5 . . . . 1 Leg . | . . . . . . . . . . . . . . . . . . . . . . . . . . . . . Wheel 16 | 1 1 3 1 . . . 7 . 2 1 . . . . . . . . . . . . . . . . . . Hover 1 | . . . . . . . . . . . . . . . . . . . . . . . . . . . . 1 Flight 1 | . . . . . . . . . . . . . . . . . . . . . . . . . . . . 1 Utility 192 | 2 2 . 3 1 4 2 11 7 4 7 7 7 5 10 6 9 3 1 15 9 9 2 15 3 17 7 15 9 Device 55 | 1 . . 1 . 2 . 5 3 . 2 4 2 1 . . . 1 . 2 4 5 2 6 2 3 6 3 . Storage 8 | 1 1 . . . 1 . . . 1 . . 1 . . . . . . 2 . 1 . . . . . . . Processor 13 | . 1 . 1 . . . . 1 . 2 . 2 . 1 1 . . . 1 1 . . . . . . 2 . Hackware 56 | . . . . . . . . . 2 2 2 2 3 8 2 4 2 . 3 2 . . 4 1 7 . 6 6 Protection 60 | . . . 1 1 1 2 6 3 1 1 1 . 1 1 3 5 . 1 7 2 3 . 5 . 7 1 4 3 Artifact . | . . . . . . . . . . . . . . . . . . . . . . . . . . . . . Weapon 197 | 2 . 6 2 4 4 2 24 5 6 9 9 15 3 10 5 11 1 . 7 5 10 3 10 2 19 3 11 9 Energy Gun 39 | . . 1 . 1 1 . 13 1 1 2 . . . . 3 2 . . . 1 4 1 3 . 4 . . 1 Energy Cannon 8 | . . . . . 1 . . . . . 1 3 . . . . . . . . 2 . . . . . 1 . Ballistic Gun 53 | 2 . 4 1 1 . 1 3 1 1 1 2 3 2 5 1 2 . . 3 3 2 1 2 1 4 1 3 3 Ballistic Cannon 30 | . . . . . . . 5 2 2 3 2 4 . . . 4 . . . 1 1 . 1 . . . 3 2 Launcher 13 | . . 1 1 2 . 1 2 1 . . 1 2 . . . . . . 1 . 1 . . . . . . . Special Weapon 45 | . . . . . . . 1 . 2 3 3 3 1 5 1 3 1 . 3 . . . 2 1 7 2 4 3 Impact Weapon 4 | . . . . . . . . . . . . . . . . . . . . . . . 1 . 3 . . . Slashing Weapon 1 | . . . . . . . . . . . . . . . . . . . . . . . . . 1 . . . Piercing Weapon . | . . . . . . . . . . . . . . . . . . . . . . . . . . . . . Special Melee Weapon 4 | . . . . . 2 . . . . . . . . . . . . . . . . 1 1 . . . . . Unidentified Prototypes 17 | . . . . . 3 . 3 . . . . . . . 2 . . . 1 . 4 . 1 . . . 1 2 Corrupted Parts 11 | . . . . . . . . . . . . . . . . . . . 1 1 4 . 4 . . . 1 . System Corruption 57 | . . . . . . . . . . . . . . . . . . . 6 10 12 . 21 . . . 8 . Parts Lost 91 | . 1 10 . 2 . . 13 5 . 3 . 1 . . 1 1 1 . 8 3 15 1 5 . 1 . 1 19 Power 8 | . 1 2 . . . . 1 1 . . . . . . . . . . . . 2 . . . . . . 1 Propulsion 21 | . . 4 . . . . 4 3 . 1 . . . . . . . . 1 . 2 . 1 . . . . 5 Utility 35 | . . . . . . . 4 1 . 2 . 1 . . . . 1 . 3 2 5 1 3 . 1 . 1 10 Weapon 27 | . . 4 . 2 . . 4 . . . . . . . 1 1 . . 4 1 6 . 1 . . . . 3 Highest Loss Streak 16 | . 1 3 . 2 . . 6 4 . 1 . 1 . . 1 1 1 . 6 3 13 1 2 . 1 . 1 16 To Critical Strikes 1 | . . . . . . . . . . . . . . . . . . . . . . . . . . . . 1 Average Slot Usage (%) 87 | . 99 99 99 97 99 100 90 80 90 89 90 79 85 85 87 92 87 88 82 81 74 85 81 82 88 87 89 85 Engine 2 | . 13 10 . . . . 3 8 9 9 7 2 . . 2 6 5 . . . . . . . . . . . Core 2 | . . 2 11 11 11 11 5 . . . . . . . . . . 4 4 5 3 . . . 4 4 4 3 Reactor 2 | . . . . . . . . . . . . 4 6 6 3 . . . . . 1 5 5 10 5 4 4 3 Treads 10 | . 1 . 10 . . . 6 7 20 12 15 15 13 13 13 13 11 11 10 10 9 11 10 10 10 9 9 8 Wheel 6 | . 26 27 11 22 22 22 18 18 6 11 . . . . . . . . . . . . . . . . . . Device 5 | . 7 . 10 . . . 8 9 . 5 9 7 9 . . . 3 5 4 8 9 10 4 8 6 10 9 8 Storage 7 | . 14 14 11 11 11 11 9 9 9 9 7 7 6 6 6 6 5 5 7 5 7 11 6 5 5 4 4 3 Processor 8 | . 6 14 21 22 22 22 13 9 9 10 7 9 7 10 12 13 5 5 4 5 2 . . . . . 8 8 Hackware 14 | . . . . . . . . . 8 10 19 6 20 27 24 21 25 26 22 20 14 11 20 21 24 23 21 23 Protection 6 | . . . . 10 10 11 9 7 9 3 . 7 6 6 7 10 3 1 3 3 5 11 6 5 8 12 5 2 Energy Gun 3 | . . 3 7 10 10 11 6 2 5 1 . . . . 2 5 . . . 4 6 15 11 5 7 5 . . Ballistic Gun 5 | . 28 18 14 8 . 9 4 1 2 5 1 2 1 2 2 7 5 5 3 3 1 1 1 8 10 7 4 3 Ballistic Cannon 4 | . . . . . . . 3 6 6 10 10 3 6 6 3 3 11 11 8 4 5 . 4 5 . . 7 4 Special Weapon 2 | . . . . . . . . . 3 . 3 1 4 3 6 2 5 5 5 1 . . 2 1 2 2 3 2 Naked Turns . | . . . . . . . . . . . . . . . . . . . . . . . . . . . . . Heaviest Build 141 | 13 89 90 103 99 99 59 76 78 74 78 80 91 90 88 85 87 91 97 113 103 123 104 115 134 134 130 141 141 Greatest Support 160 | 10 20 32 26 26 26 26 30 67 67 97 97 102 102 102 105 105 135 135 155 155 160 160 160 160 160 160 160 160 Greatest Overweight (x) 22 | 4 8 5 6 3 3 2 6 22 7 3 . 3 1 . . . . . 1 1 1 . 1 . . . . . Average Overweight (x) . | 2 3 3 5 3 2 2 2 1 2 1 . . . . . . . . . . . . . . . . . . Largest Inventory Capacity 30 | 8 25 25 25 25 25 20 20 20 20 20 20 30 20 20 20 20 20 20 20 20 20 20 20 20 20 20 20 20 Average Capacity 20 | 7 24 25 25 25 20 20 20 20 20 20 20 20 20 20 20 20 20 20 20 20 20 20 20 20 20 20 20 19 Most Carried 25 | 5 18 25 25 25 23 20 20 20 20 20 20 20 18 20 20 20 19 20 20 20 20 20 20 14 20 19 20 20 Average Carried 18 | 3 12 19 22 22 19 20 19 18 18 18 19 19 17 19 18 19 18 19 18 17 15 19 18 12 18 18 19 17 Final Capacity 25 | 8 25 25 25 25 20 20 20 20 20 20 20 20 20 20 20 20 20 20 20 20 20 20 20 20 20 20 20 20 Final Carried 25 | 5 18 24 25 23 20 20 20 20 20 20 19 18 18 20 16 20 19 20 19 20 18 20 14 14 20 18 20 17 Class Distribution -------------------- 23% | Botlord-Skirmisher 15% | Botlord-Tank 14% | Scavenger-Mutant 13% | Mutant 8% | Bothacker-Skirmisher 8% | Bothacker-Mutant 7% | Botlord-Gunner 3% | Scavenger-Tank Dominant Class ---------------- Mutant | -10/Materials Mutant | -10/Mines Mutant | -9/Materials Scavenger-Mutant | -9/Mines Mutant | -9/Exiles Scavenger-Mutant | -8/Mines Scavenger-Mutant | -8/Materials Scavenger-Mutant | -8/Garrison Bothacker-Mutant | -8/Materials Bothacker-Mutant | -8/Garrison Bothacker-Skirmisher | -7/Factory Bothacker-Skirmisher | -7/Garrison Botlord-Tank | -6/Factory Botlord-Skirmisher | -6/Garrison Botlord-Skirmisher | -6/Factory Botlord-Gunner | -6/Garrison Botlord-Skirmisher | -5/Factory Botlord-Skirmisher | -5/Waste Botlord-Skirmisher | -5/Factory Scavenger-Tank | -5/Extension Scavenger-Skirmisher | -5/Cetus Botlord-Tank | -5/Archives Botlord-Skirmisher | -5/Hub_04(d) Bothacker-Tank | -4/Factory Botlord-Tank | -4/Garrison Botlord-Tank | -3/Research Botlord-Skirmisher | -3/Garrison Botlord-Skirmisher | -3/Testing Resources | -11 -10 -10 -9 -9 -9 -8 -8 -8 -8 -8 -7 -7 -6 -6 -6 -6 -5 -5 -5 -5 -5 -5 -5 -4 -4 -3 -3 -3 ----------- Run | Yrd Mat Min Mat Min Exi Min Mat Gar Mat Gar Fac Gar Fac Gar Fac Gar Fac Was Fac Ext Cet Arc Hub Fac Gar Res Gar Tes Matter Collected 14491 | 324 251 318 220 53 160 60 851 830 316 709 337 634 521 1038 248 567 200 324 1211 789 608 166 547 103 999 227 1064 816 Remotely . | . . . . . . . . . . . . . . . . . . . . . . . . . . . . . Salvage Created 13729 | 120 350 399 404 38 . 120 1425 739 282 696 232 795 188 435 . 392 288 577 1278 619 816 665 822 54 858 143 564 430 Parts 654 | 9 20 23 34 10 . 6 102 38 14 39 12 38 4 22 . 15 12 5 71 24 30 25 21 2 29 4 31 14 Haulers Intercepted 7 | . . . . . . . 3 . 1 . . . . . . . . . 1 . . . 2 . . . . . Recyclers Shooed 9 | . . . 1 . . . 1 . . . . . 2 . . . 1 . 3 . . . 1 . . . . . Parts Field Recycled . | . . . . . . . . . . . . . . . . . . . . . . . . . . . . . Retrieved Matter . | . . . . . . . . . . . . . . . . . . . . . . . . . . . . . Parts Self-Destructed . | . . . . . . . . . . . . . . . . . . . . . . . . . . . . . Prevented . | . . . . . . . . . . . . . . . . . . . . . . . . . . . . . Kills | -11 -10 -10 -9 -9 -9 -8 -8 -8 -8 -8 -7 -7 -6 -6 -6 -6 -5 -5 -5 -5 -5 -5 -5 -4 -4 -3 -3 -3 ------- Run | Yrd Mat Min Mat Min Exi Min Mat Gar Mat Gar Fac Gar Fac Gar Fac Gar Fac Was Fac Ext Cet Arc Hub Fac Gar Res Gar Tes Combat Hostiles Destroyed 243 | . 6 13 8 4 . 3 30 23 5 17 5 19 3 10 . 8 1 2 14 11 17 4 7 1 12 1 12 7 Melee 2 | . . . . . . . . . . . . . . . . . . . . . . . 2 . . . . . Guns 88 | . 6 7 3 1 . 1 18 2 2 4 . 2 . 1 . 7 . . . 3 8 3 2 . 11 . 6 1 Cannons 97 | . . . . . . . 4 17 3 12 3 1 3 9 . 1 1 2 10 8 8 . 1 1 1 . 6 6 AOE 51 | . . 6 5 3 . 2 8 3 . 1 2 16 . . . . . . 4 . . . . . . 1 . . Classes Destroyed 23 | 2 1 4 2 . . 1 3 3 . . 1 1 . . . . . 1 2 1 . . . . . . 1 . Worker 4 | . . 1 . . . . 1 . . . . . . . . . . . 1 . . . 1 . . . . . Builder 7 | . . . 2 . . . 3 . 1 . . . . . . . . . . . . . 1 . . . . . Tunneler 8 | 3 . . 3 . . . 2 . . . . . . . . . . . . . . . . . . . . . Hauler 7 | . . . . . . . 3 . 1 . . . . . . . . . 1 . . . 2 . . . . . Recycler 10 | 1 1 1 1 . . . 1 . . . . . 1 . . . . . 2 1 . . 1 . . . . . Mechanic 1 | . . . . . . . . . . . . . . . . . . . 1 . . . . . . . . . Operator 11 | . . . . . . . . . . . 1 . . . . . . . 1 . . 9 . . . . . . Watcher 2 | . . . 1 . . . . . . . . . . . . . . . . . 1 . . . . . . . Swarmer 44 | . . 3 4 4 . . 7 3 . . . 7 . 2 . 6 . . 1 2 5 . . . . . . . Cutter 9 | . . . . . . . . . . . . 2 . . . 1 . . . . . . . . 2 . 4 . Grunt 106 | . 6 4 1 . . 2 16 10 3 14 4 8 . 2 . 1 5 . 3 8 6 . 5 1 1 2 3 1 Brawler 7 | . . . . . . . . 3 . . . . 1 . . . . . . . . . . . 1 . . 2 Duelist 4 | . . . . . . 1 1 1 . . . . . . . . . . . . . . . . . . . 1 Protector 3 | . . . . . . . . . . . . . . . . . . . 2 . . . . . . . . 1 Sentry 29 | . . 2 3 . . . 4 2 1 2 . . . 3 . 1 . . . . . 4 2 . 4 . 1 . Specialist 3 | . . . . . . . . 1 . . . . . . . . . . 2 . . . . . . . . . Hunter 14 | . . . . . . . 1 2 1 . . 1 1 . . . . . 4 . . . . . 2 . 1 1 Programmer 19 | . . . . . . . . 1 . 1 1 1 1 5 . 1 . . 2 . . . . . 3 . 2 1 Heavy 2 | . . . . . . . 1 . . . . . . . . . . . . . . . 1 . . . . . Behemoth 2 | . . . . . . . . . . . . . . . . . . . . 2 . . . . . . . . Compactor 2 | . . . . . . . . . . . . . . . . . . 2 . . . . . . . . . . Cetus Guard 6 | . . . . . . . . . . . . . . . . . . . . . 6 . . . . . . . Executioner 1 | . . . . . . . . . . . . . . . . . . . . . . . . . . . 1 . Assembled 4 | . . 4 . . . . . . . . . . . . . . . . . . . . . . . . . . Butcher 1 | . . . . . . . . . . . . . . . . . . . . . . . . . 1 . . . Best Kill Streak 11 | 4 3 3 10 5 . 3 7 6 2 3 2 3 1 4 . 4 1 1 11 3 6 3 3 1 6 1 4 7 Combat Bots Only 8 | . 2 3 5 4 . 3 7 6 2 3 2 3 1 4 . 4 1 1 8 3 5 2 3 1 6 1 4 7 Max Kills in Single Turn 6 | 1 1 2 6 3 . 1 2 2 1 1 1 3 1 1 . 1 1 1 3 1 1 1 2 1 2 2 2 1 Gunslinging 1 | . . . . . . . 1 . . . . . . . . . . . . . . . . . . . . . Exploded 3 | . . 2 3 2 . 1 2 2 . 1 1 3 . . . . . . 2 . . . . . . 1 . . Melee 1 | . . . . . . . . . . . . . . . . . . . . . . . 1 . . . . . Uniques/NPCs Destroyed . | . . . . . . . . . . . . . . . . . . . . . . . . . . . . . Combat | -11 -10 -10 -9 -9 -9 -8 -8 -8 -8 -8 -7 -7 -6 -6 -6 -6 -5 -5 -5 -5 -5 -5 -5 -4 -4 -3 -3 -3 -------- Run | Yrd Mat Min Mat Min Exi Min Mat Gar Mat Gar Fac Gar Fac Gar Fac Gar Fac Was Fac Ext Cet Arc Hub Fac Gar Res Gar Tes Hostile Shots Fired 1712 | . 42 69 23 8 . 6 140 130 37 75 11 30 13 62 10 42 3 . 171 66 244 33 72 6 78 3 67 271 Missed 465 | . 11 17 13 2 . 2 40 39 11 22 6 6 4 29 4 10 . . 52 16 62 13 11 2 21 . 17 55 Damage Taken 25406 | . 337 928 118 102 . 123 1912 1262 365 728 70 351 201 502 370 640 92 . 2333 1058 4092 522 2151 38 720 121 1176 5094 Core 3064 | . 89 160 27 12 . . 258 115 20 63 30 24 46 54 6 19 21 . 146 73 364 . 173 9 46 . 39 1270 Absorbed by Shields 1026 | . . . . . . . . 13 . 57 . . 75 11 . . . . 79 160 51 . . 40 472 . 68 . Reduced by Siege Mode 1249 | . . . . . . . . . . . . . . . . . . . 106 41 462 . . . 28 . 5 607 Regen/Repaired (Parts) 551 | . . . . . . . 130 . . . . . . . . . . . 421 . . . . . . . . . Core Remaining (%) 62 | 100 . . . . . 90 . . . 17 . 92 . . . 85 . . . . . . 22 . 95 . . . Volleys Fired 1063 | 9 36 34 23 2 . 3 100 90 28 54 26 48 22 66 18 63 14 18 60 41 50 40 40 2 65 10 56 45 Largest 4 | 2 2 2 2 2 . 2 2 2 2 2 3 3 2 2 2 3 3 3 4 3 3 3 4 3 4 3 4 4 Hottest 315 | 40 40 60 60 50 . 80 107 107 107 126 199 250 105 105 95 168 162 162 210 184 315 249 284 186 229 194 200 288 Shots Fired 1872 | 18 72 67 45 3 . 5 166 100 36 100 34 53 26 83 23 100 28 36 93 101 87 101 88 4 158 24 136 85 Gun 1019 | 18 72 56 42 1 . 3 122 20 13 43 3 11 4 17 10 68 7 10 13 62 43 101 61 2 122 21 55 19 Cannon 568 | . . . . . . . 31 77 9 52 11 22 12 41 3 9 14 18 54 38 41 . 18 1 12 . 62 43 Launcher 57 | . . 11 3 2 . 2 10 3 . . 4 13 . . . . . . 6 . 3 . . . . . . . Special 228 | . . . . . . . 3 . 14 5 16 7 10 25 10 23 7 8 20 1 . . 9 1 24 3 19 23 Kinetic 1132 | 18 72 51 35 1 . . 70 83 16 84 12 24 16 58 8 34 21 28 67 65 52 19 29 2 102 13 114 38 Thermal 327 | . . 5 7 . . . 21 . . . . 1 . . . 40 . . 1 35 32 82 50 1 31 1 . 20 Explosive 48 | . . 11 3 2 . 2 10 3 . . 4 13 . . . . . . . . . . . . . . . . Electromagnetic 141 | . . . . . . 3 65 14 6 11 2 8 . . 5 3 . . 6 . 3 . . . 1 7 3 4 Robot Hit Streak 46 | 13 12 8 13 11 . 16 20 6 16 31 15 11 15 9 14 46 6 16 14 25 12 42 38 10 18 7 14 36 Robot Miss Streak 12 | 1 4 2 2 . . . 12 3 1 3 1 3 2 3 1 3 2 2 2 3 3 4 2 . 4 3 6 2 Penetration Max 2 | . . . . . . . 1 1 . 1 . . 1 1 . . . . 2 . 1 1 . . 1 . 2 1 Secondary Targets 11 | . 2 . . . . . 7 . . . . . . . . 2 . . . . . . . . . . . . Max Gunslinging Chain 1 | . 1 . . . . . 1 . . . . . . . . 1 . . . . . . . . . . . . Shots Hit Robots 1254 | 14 44 43 32 2 7 5 100 50 27 58 23 19 22 41 20 62 18 31 68 62 63 82 84 4 102 16 89 66 Core Hits 587 | 5 14 30 26 4 . 7 73 27 9 28 9 47 3 13 1 28 7 3 37 24 46 33 18 3 35 6 30 21 Critical Kills 37 | . . . . . . . 2 . . 2 1 1 . . . 2 5 2 14 . . 1 2 . 4 . . 1 Critical Parts Destroyed 47 | . . . 2 . . . 2 . . 5 1 . 1 1 . 3 3 1 12 . . 1 2 . 11 . 2 . Critical Strikes 138 | . . . 2 . . . 7 5 1 10 2 3 2 6 1 6 8 12 26 2 6 7 4 . 18 1 6 3 Burn 9 | . . . . . . . 2 . . . . . . . . 1 . . . 1 2 2 . . 1 . . . Destroy 96 | . . . 2 . . . 4 . . 7 2 1 1 1 . 5 8 12 26 . . 5 2 . 16 1 2 1 Blast 30 | . . . . . . . 1 5 1 3 . 1 1 5 1 . . . . 1 4 . . . 1 . 4 2 Corrupt 1 | . . . . . . . . . . . . 1 . . . . . . . . . . . . . . . . Smash 2 | . . . . . . . . . . . . . . . . . . . . . . . 2 . . . . . Melee Attacks 40 | . . . . . 7 . . . . . . . . . . . . . . . . 1 26 . 6 . . . Impact 25 | . . . . . . . . . . . . . . . . . . . . . . . 19 . 6 . . . Slashing . | . . . . . . . . . . . . . . . . . . . . . . . . . . . . . Piercing . | . . . . . . . . . . . . . . . . . . . . . . . . . . . . . Sneak Attacks 15 | . . . . . 7 . . . . . . . . . . . . . . . . 1 7 . . . . . Combat Hostiles 3 | . . . . . . . . . . . . . . . . . . . . . . . 3 . . . . . Follow-up Attacks . | . . . . . . . . . . . . . . . . . . . . . . . . . . . . . Damage Inflicted 37499 | 181 597 998 944 111 . 204 3115 2604 447 1333 676 2263 764 1879 324 944 263 534 1520 2912 2947 2183 2216 83 2818 593 2578 1468 Guns 15600 | 181 597 466 445 15 . 57 1673 207 239 397 41 78 40 192 211 795 93 211 85 859 727 2183 1351 51 2571 320 1149 366 Cannons 14924 | . . . . . . . 502 2187 208 894 203 284 724 1687 113 149 170 323 740 1964 1603 . 363 32 247 . 1429 1102 Explosions 6473 | . . 532 499 96 . 147 940 210 . 42 432 1901 . . . . . . 695 89 617 . . . . 273 . . Melee 492 | . . . . . . . . . . . . . . . . . . . . . . . 492 . . . . . Ramming 10 | . . . . . . . . . . . . . . . . . . . . . . . 10 . . . . . Kinetic 22629 | 181 597 412 379 15 . . 1058 2222 285 1185 209 270 764 1879 226 502 263 534 825 2237 1665 443 607 55 2266 230 2553 767 Thermal 7556 | . . 54 66 . . . 585 . . 42 . 412 . . . 394 . . 294 675 665 1740 1107 28 552 300 . 642 Explosive 4082 | . . 532 499 96 . 147 599 210 . . 432 1567 . . . . . . . . . . . . . . . . Electromagnetic 2730 | . . . . . . 57 873 172 162 106 35 14 . . 98 48 . . 401 . 617 . . . . 63 25 59 Impact 492 | . . . . . . . . . . . . . . . . . . . . . . . 492 . . . . . Slashing . | . . . . . . . . . . . . . . . . . . . . . . . . . . . . . Piercing . | . . . . . . . . . . . . . . . . . . . . . . . . . . . . . Highest Corruption 43 | . . . . . . . . . . 1 . 3 . 1 1 2 . . 8 18 30 30 43 . 4 . 8 25 Average Corruption 9 | . . . . . . . . . . 1 . 2 . 1 1 1 . . 7 17 20 26 17 . 3 . 8 9 Corruption Purged 13 | . . . . . . . . . . . . . . . . . . . . . . 13 . . . . . . Corruption Blocked . | . . . . . . . . . . . . . . . . . . . . . . . . . . . . . Effects 256 | . . . . . . . . . . . . 4 . . 4 16 . . 16 54 34 25 52 . 41 . 1 9 Message Errors 58 | . . . . . . . . . . . . 1 . . 1 3 . . 4 9 7 3 12 . 15 . 1 2 Matter Fused 53 | . . . . . . . . . . . . 1 . . . 4 . . 3 12 5 8 10 . 8 . . 2 Heat Flow Errors 28 | . . . . . . . . . . . . . . . 1 2 . . 4 7 3 1 5 . 4 . . 1 Energy Discharges 26 | . . . . . . . . . . . . . . . 2 3 . . 2 2 5 1 6 . 5 . . . Parts Rejected 9 | . . . . . . . . . . . . . . . . . . . 1 4 1 . 3 . . . . . Parts Fused 6 | . . . . . . . . . . . . . . . . 1 . . . 1 1 1 . . 2 . . . Data Loss (minor) 37 | . . . . . . . . . . . . 2 . . . 1 . . 2 7 4 5 7 . 5 . . 4 Data Loss (major) 6 | . . . . . . . . . . . . . . . . . . . . 1 3 . 2 . . . . . Misfires 10 | . . . . . . . . . . . . . . . . 1 . . . 4 . 1 2 . 2 . . . Alerts 1 | . . . . . . . . . . . . . . . . . . . . . 1 . . . . . . . Misdirections 3 | . . . . . . . . . . . . . . . . . . . . 1 2 . . . . . . . Weapon Failures 19 | . . . . . . . . . . . . . . . . 1 . . . 6 2 5 5 . . . . . Overload Shots 2 | . . . . . . . . . . . . . . . . . . . . . 2 . . . . . . . Overflow Damage 1131 | . . 6 . 18 . . 17 157 . . 67 16 171 223 . 3 . . 29 221 55 . 81 . . . 54 13 Projectiles 862 | . . . . . . . 17 133 . . . . 171 223 . 3 . . 5 182 53 . 8 . . . 54 13 Explosions 196 | . . 6 . 18 . . . 24 . . 67 16 . . . . . . 24 39 2 . . . . . . . Melee 73 | . . . . . . . . . . . . . . . . . . . . . . . 73 . . . . . Knockbacks 58 | . . . . . . . . 10 . 3 . . 2 4 . . . . 4 9 4 . 2 . 3 . 14 3 Impact 1 | . . . . . . . . . . . . . . . . . . . . . . . 1 . . . . . Kinetic 54 | . . . . . . . . 10 . 3 . . 2 4 . . . . 4 8 4 . 1 . 3 . 12 3 Secondary 3 | . . . . . . . . . . . . . . . . . . . . 1 . . . . . . 2 . Self-Inflicted Damage 549 | . . 8 . 54 . 40 107 . . 19 . . . . . . . . 180 . 29 . 97 . . 15 . . Shots 16 | . . 1 . 2 . 2 2 . . 1 . . . . . . . . 3 . 3 . 1 . . 1 . . Rammed 2 | . . . . . . . . . . . . . . . . . . . . . . . 2 . . . . . Targets Rammed 2 | . . . . . . . . . . . . . . . . . . . . . . . 2 . . . . . Kicked . | . . . . . . . . . . . . . . . . . . . . . . . . . . . . . Crushed . | . . . . . . . . . . . . . . . . . . . . . . . . . . . . . Highest Temperature 420 | . . 76 5 . . 97 193 371 105 246 21 138 54 110 138 270 245 . 195 237 322 354 180 51 420 11 7 350 Average Temperature 78 | . . 27 3 . . 52 68 125 38 99 14 78 24 26 42 77 124 . 46 49 95 132 76 29 151 10 7 136 Received Heat Transfer 4565 | . 186 427 42 . . 27 549 477 63 327 27 66 20 40 30 75 48 . 294 241 565 63 360 4 50 9 169 406 Effects 16 | . . . . . . . . . . . . . . . . . . . . . 3 2 . . 3 . . 8 Shutdowns 2 | . . . . . . . . . . . . . . . . . . . . . . . . . 1 . . 1 Energy Bleed 1 | . . . . . . . . . . . . . . . . . . . . . . . . . 1 . . . Interference 11 | . . . . . . . . . . . . . . . . . . . . . 3 2 . . . . . 6 Short Circuit 1 | . . . . . . . . . . . . . . . . . . . . . . . . . 1 . . . Damage (minor) 1 | . . . . . . . . . . . . . . . . . . . . . . . . . . . . 1 Siege Activations 15 | . . . . . . . . . . . . . . . 1 . . 1 1 1 5 . 1 . 2 . 1 2 Total Turns 308 | . . . . . . . . . . . . . . . 7 . . 2 12 29 96 . 22 . 63 . 9 68 Longest Duration 49 | . . . . . . . . . . . . . . . 7 . . 2 12 29 46 . 22 . 49 . 9 48 Robots Corrupted 2 | . . . . . . . . 1 . . . . . . . . . . . . 1 . . . . . . . Combat Hostiles 2 | . . . . . . . . 1 . . . . . . . . . . . . 1 . . . . . . . Parts Fried 11 | . . . . . . . 3 2 1 . . . . . . . . . . . 3 . 1 . . . . 1 Impact Corruptions 4 | . . . . . . . . . . . . . . . . . . . . 1 . . 3 . . . . . Robots Melted 3 | . . . . . . . . . . . . 2 . . . . . . . . . 1 . . . . . . Combat Hostiles 1 | . . . . . . . . . . . . . . . . . . . . . . 1 . . . . . . Parts Melted 31 | . . . . . . . 1 . . . . 7 . . . 1 . . 1 1 2 14 2 . . . 1 1 Heat Transferred 12662 | . . 125 150 . . . 966 . . 50 . 2240 . . . 736 . . 100 1062 1207 3030 1482 37 842 137 . 498 Parts Sabotaged 2 | . . . . . . . . . . . . . . . . . . . . . . . . . . . . 2 Parts Stolen . | . . . . . . . . . . . . . . . . . . . . . . . . . . . . . Parts Stripped . | . . . . . . . . . . . . . . . . . . . . . . . . . . . . . Power Chain Reactions 8 | . . . . . . . 4 . . 1 . . . . . . . . 2 . . . . . . 1 . . Alert | -11 -10 -10 -9 -9 -9 -8 -8 -8 -8 -8 -7 -7 -6 -6 -6 -6 -5 -5 -5 -5 -5 -5 -5 -4 -4 -3 -3 -3 ------- Run | Yrd Mat Min Mat Min Exi Min Mat Gar Mat Gar Fac Gar Fac Gar Fac Gar Fac Was Fac Ext Cet Arc Hub Fac Gar Res Gar Tes Peak Influence 1742 | 20 224 260 277 152 . 82 487 1117 673 1052 770 1193 796 1694 998 1391 834 225 304 442 534 403 618 334 1644 1284 1417 1742 Initial 963 | . 13 87 23 58 . . 31 209 544 280 552 321 625 557 889 450 730 225 17 148 228 173 70 292 233 924 963 796 Average 644 | 10 131 144 87 149 . 80 270 719 569 645 588 902 683 1168 753 984 781 158 125 322 408 329 237 307 1039 1115 1146 1642 Maximum Alert Level 5 | . 1 1 1 . . . 2 4 2 3 3 4 3 5 3 4 3 1 1 2 2 2 2 1 5 4 4 5 Low Security (%) 17 | 100 85 62 96 100 . 100 27 . . . . . . . . . . 32 64 10 . 7 52 . . . . . Level 1 20 | . 14 37 3 . . . 57 14 . 13 4 5 . . . . . 67 35 79 34 65 37 100 6 . . . Level 2 20 | . . . . . . . 14 33 100 37 58 10 63 9 42 24 9 . . 9 65 27 10 . 26 . . . Level 3 23 | . . . . . . . . 46 . 48 36 55 36 32 57 35 90 . . . . . . . 14 36 51 . Level 4 15 | . . . . . . . . 5 . . . 27 . 46 . 40 . . . . . . . . 41 63 48 . Level 5 1 | . . . . . . . . . . . . . . 12 . . . . . . . . . . 10 . . . High Security . | . . . . . . . . . . . . . . . . . . . . . . . . . . . . . Max Security 1 | . . . . . . . . . . . . . . . . . . . . . . . . . . . . 99 Squads Dispatched 52 | . 2 . . . . . 3 . 2 . 3 . 5 . 6 . . . 7 2 . . 7 1 . 2 . 12 Investigation 6 | . 2 . . . . . 1 . 1 . . . . . . . . . . . . . 1 1 . . . . Extermination 2 | . . . . . . . . . . . . . 1 . . . . . 1 . . . . . . . . . Reinforcement 20 | . . . . . . . 2 . . . 1 . 1 . 4 . . . 6 2 . . 4 . . . . . Assault 15 | . . . . . . . . . . . . . 1 . . . . . . . . . 2 . . . . 12 Garrison 9 | . . . . . . . . . 1 . 2 . 2 . 2 . . . . . . . . . . 2 . . Intercept . | . . . . . . . . . . . . . . . . . . . . . . . . . . . . . Searches Triggered . | . . . . . . . . . . . . . . . . . . . . . . . . . . . . . Construction Impeded 3 | . . . . . . . 1 . . . . . 1 . . . . . 1 . . . . . . . . . Haulers Reinforced 1 | . . . . . . . . . . . . . . . . . . . 1 . . . . . . . . . Active Scanning Responses . | . . . . . . . . . . . . . . . . . . . . . . . . . . . . . Cargo Convoy Interrupts 1 | . . . . . . . . . . . . . . . . . . . 1 . . . . . . . . . Stealth | -11 -10 -10 -9 -9 -9 -8 -8 -8 -8 -8 -7 -7 -6 -6 -6 -6 -5 -5 -5 -5 -5 -5 -5 -4 -4 -3 -3 -3 --------- Run | Yrd Mat Min Mat Min Exi Min Mat Gar Mat Gar Fac Gar Fac Gar Fac Gar Fac Was Fac Ext Cet Arc Hub Fac Gar Res Gar Tes Distress Signals 20 | . 1 1 1 . . . 2 . 1 . . . . 2 . . 1 . 2 3 2 . 2 1 . . . 1 Communications Jammed . | . . . . . . . . . . . . . . . . . . . . . . . . . . . . . Distress Signals . | . . . . . . . . . . . . . . . . . . . . . . . . . . . . . Times Spotted 635 | . 9 22 16 4 . 3 42 24 17 24 10 18 16 27 19 42 7 4 39 45 34 11 39 5 31 14 35 78 Peak Tracking Total 28 | . 5 11 8 4 . 3 5 4 4 5 2 3 5 4 5 7 5 2 11 8 12 1 9 4 6 5 10 28 Tactical Retreats 18 | . . 1 1 . . . 2 1 . 1 . 1 . 2 . 1 . . 1 . 4 . 2 1 . . . . Traps | -11 -10 -10 -9 -9 -9 -8 -8 -8 -8 -8 -7 -7 -6 -6 -6 -6 -5 -5 -5 -5 -5 -5 -5 -4 -4 -3 -3 -3 ------- Run | Yrd Mat Min Mat Min Exi Min Mat Gar Mat Gar Fac Gar Fac Gar Fac Gar Fac Was Fac Ext Cet Arc Hub Fac Gar Res Gar Tes Traps Triggered 34 | . . . . . . . 1 6 1 8 . 1 . 2 2 3 1 . 3 . . . 3 . 1 . 2 . Indirectly 1 | . . . . . . . . . . . . . . . . . . . 1 . . . . . . . . . Trap Hack Attempts . | . . . . . . . . . . . . . . . . . . . . . . . . . . . . . Triggered . | . . . . . . . . . . . . . . . . . . . . . . . . . . . . . Disarmed . | . . . . . . . . . . . . . . . . . . . . . . . . . . . . . Reprogrammed . | . . . . . . . . . . . . . . . . . . . . . . . . . . . . . Reused . | . . . . . . . . . . . . . . . . . . . . . . . . . . . . . Traps Extracted . | . . . . . . . . . . . . . . . . . . . . . . . . . . . . . Installed . | . . . . . . . . . . . . . . . . . . . . . . . . . . . . . Triggered . | . . . . . . . . . . . . . . . . . . . . . . . . . . . . . Machines | -11 -10 -10 -9 -9 -9 -8 -8 -8 -8 -8 -7 -7 -6 -6 -6 -6 -5 -5 -5 -5 -5 -5 -5 -4 -4 -3 -3 -3 ---------- Run | Yrd Mat Min Mat Min Exi Min Mat Gar Mat Gar Fac Gar Fac Gar Fac Gar Fac Was Fac Ext Cet Arc Hub Fac Gar Res Gar Tes Machines Disabled 85 | . . . 1 1 . . 3 6 . 5 7 9 . 10 . 7 . . 3 5 . 3 12 . 5 2 3 3 Max in Single Turn 9 | . . . 1 1 . . 1 1 . 1 1 1 . 2 . 2 . . 2 2 . 1 9 . 1 . 1 1 Garrison Access 1 | . . . . . . . . . . . . . . . . . . . . . . . 1 . . . . . Garrison Relay 29 | . . . . . . . . 4 . 4 . 3 . 6 . 5 . . . . . . . . 4 . 3 . Phase Generator 3 | . . . . . . . . . . . . . . 1 . 1 . . . . . . . . 1 . . . Network Hub 1 | . . . . . . . . . . . . . . . . . . . . . . . 1 . . . . . Energy Cycler 2 | . . . . . . . . . . . . . . . . . . . . 2 . . . . . . . . Machines Repaired . | . . . . . . . . . . . . . . . . . . . . . . . . . . . . . Machines Dismantled . | . . . . . . . . . . . . . . . . . . . . . . . . . . . . . Machines Sabotaged . | . . . . . . . . . . . . . . . . . . . . . . . . . . . . . Overloaded Fab Kills . | . . . . . . . . . . . . . . . . . . . . . . . . . . . . . Hacking | -11 -10 -10 -9 -9 -9 -8 -8 -8 -8 -8 -7 -7 -6 -6 -6 -6 -5 -5 -5 -5 -5 -5 -5 -4 -4 -3 -3 -3 --------- Run | Yrd Mat Min Mat Min Exi Min Mat Gar Mat Gar Fac Gar Fac Gar Fac Gar Fac Was Fac Ext Cet Arc Hub Fac Gar Res Gar Tes Machines Accessed 83 | . 2 2 5 . 4 . 10 2 4 3 3 1 5 2 3 1 4 . 10 . 3 . 8 5 2 1 3 . Terminals 49 | . 1 1 4 . . . 6 2 2 3 1 1 2 2 1 1 . . 5 . 3 . 7 2 2 . 3 . Fabricators 8 | . . . . . . . . . . . 1 . 1 . . . 2 . 2 . . . . 2 . . . . Repair Stations 2 | . . . . . . . 1 . . . . . . . . . 1 . . . . . . . . . . . Recycling Units 8 | . 1 . . . . . 1 . 1 . . . 1 . 1 . 1 . 2 . . . . . . . . . Scanalyzers 3 | . . . 1 . . . 1 . . . . . . . . . . . 1 . . . . . . . . . Garrison Access 8 | . . . . . . . 1 . 1 . 1 . 1 . 1 . . . . . . . 1 1 . 1 . . Total Hacks 226 | . 6 4 16 . 49 . 40 2 7 4 4 2 12 5 5 1 7 . 21 . 5 . 14 12 3 2 5 . Successful 134 | . 2 3 8 . 49 . 28 1 5 1 3 . 7 1 3 1 2 . 6 . 1 . 6 2 1 2 2 . Failed 91 | . 4 1 7 . . . 12 1 2 3 1 2 5 4 2 . 5 . 15 . 4 . 8 10 2 . 3 . Catastrophic 19 | . 1 . 1 . . . 2 . 1 . . 1 . . . . 2 . 2 . 2 . 2 2 2 . 1 . Database Lockouts 1 | . . . 1 . . . . . . . . . . . . . . . . . . . . . . . . . Manual 65 | . 4 1 13 . 1 . 16 . 2 . 1 . 4 . 1 . 4 . 7 . . . 6 4 . 1 . . Terminals 106 | . 3 3 15 . . . 19 2 4 4 2 2 5 5 1 1 . . 10 . 5 . 12 5 3 . 5 . Fabricators 17 | . . . . . . . . . . . 1 . 1 . . . 4 . 5 . . . . 6 . . . . Repair Stations 9 | . . . . . . . 7 . . . . . . . . . 2 . . . . . . . . . . . Recycling Units 18 | . 3 . . . . . 3 . 1 . . . 5 . 3 . 1 . 2 . . . . . . . . . Scanalyzers 15 | . . . 1 . . . 10 . . . . . . . . . . . 4 . . . . . . . . . Garrison Access 11 | . . . . . . . 1 . 2 . 1 . 1 . 1 . . . . . . . 2 1 . 2 . . Terminal Hacks 81 | . . 3 6 . 49 . 6 1 2 1 1 . 1 1 . 1 . . 1 . 1 . 3 1 1 . 2 . Record 51 | . . . . . 49 . . . . . . . . . . . . . . . 1 . 1 . . . . . Robot Analysis 6 | . . 1 2 . . . 2 . 1 . . . . . . . . . . . . . . . . . . . Open Door 3 | . . 1 . . . . . . . . . . . 1 . . . . 1 . . . . . . . . . Open DSF 1 | . . . . . . . . . . . . . . . . . . . . . . . . 1 . . . . Branch Access Points 2 | . . . . . . . 2 . . . . . . . . . . . . . . . . . . . . . Emergency Access Points 6 | . . . . . . . . 1 . 1 . . . . . 1 . . . . . . 1 . 1 . 1 . Machine Index 1 | . . . . . . . . . . . . . 1 . . . . . . . . . . . . . . . Alert Level 4 | . . . 3 . . . 1 . . . . . . . . . . . . . . . . . . . . . Unreport Threat 3 | . . . . . . . 1 . 1 . 1 . . . . . . . . . . . . . . . . . Transport Status 1 | . . . 1 . . . . . . . . . . . . . . . . . . . . . . . . . Recall Investigation 1 | . . . . . . . . . . . . . . . . . . . . . . . 1 . . . . . Zone Layout 1 | . . 1 . . . . . . . . . . . . . . . . . . . . . . . . . . Patrol Navigation 1 | . . . . . . . . . . . . . . . . . . . . . . . . . . . 1 . Fabricator Hacks 1 | . . . . . . . . . . . . . 1 . . . . . . . . . . . . . . . Network Status 1 | . . . . . . . . . . . . . 1 . . . . . . . . . . . . . . . Repair Station Hacks 5 | . . . . . . . 5 . . . . . . . . . . . . . . . . . . . . . Scan Component 3 | . . . . . . . 3 . . . . . . . . . . . . . . . . . . . . . Repair 2 | . . . . . . . 2 . . . . . . . . . . . . . . . . . . . . . Recycling Unit Hacks 10 | . 1 . . . . . 2 . 1 . . . 3 . 1 . 1 . 1 . . . . . . . . . Report Inventory 2 | . . . . . . . 1 . . . . . 1 . . . . . . . . . . . . . . . Retrieve Matter 1 | . . . . . . . . . . . . . 1 . . . . . . . . . . . . . . . Retrieve Components 7 | . 1 . . . . . 1 . 1 . . . 1 . 1 . 1 . 1 . . . . . . . . . Scanalyzer 14 | . . . 1 . . . 10 . . . . . . . . . . . 3 . . . . . . . . . Insert Component 8 | . . . 1 . . . 5 . . . . . . . . . . . 2 . . . . . . . . . Analyze 6 | . . . . . . . 5 . . . . . . . . . . . 1 . . . . . . . . . Garrison Access Hacks 9 | . . . . . . . 1 . 2 . 1 . 1 . 1 . . . . . . . 1 1 . 1 . . Unlock Access 7 | . . . . . . . 1 . 1 . 1 . 1 . 1 . . . . . . . . 1 . 1 . . Coupler Status 2 | . . . . . . . . . 1 . . . . . . . . . . . . . 1 . . . . . Unauthorized Hacks 14 | . 1 . 1 . . . 4 . . . 1 . 1 . 1 . 1 . 1 . . . 2 . . 1 . . Terminals 9 | . . . 1 . . . 4 . . . 1 . 1 . . . . . 1 . . . 1 . . . . . Assimilate 1 | . . . . . . . . . . . . . 1 . . . . . . . . . . . . . . . Botnet 8 | . . . 1 . . . 4 . . . 1 . . . . . . . 1 . . . 1 . . . . . Fabricators 1 | . . . . . . . . . . . . . . . . . 1 . . . . . . . . . . . Fabnet 1 | . . . . . . . . . . . . . . . . . 1 . . . . . . . . . . . Repair Stations . | . . . . . . . . . . . . . . . . . . . . . . . . . . . . . Recycling Units 2 | . 1 . . . . . . . . . . . . . 1 . . . . . . . . . . . . . Recyclers 1 | . . . . . . . . . . . . . . . 1 . . . . . . . . . . . . . Tunnel 1 | . 1 . . . . . . . . . . . . . . . . . . . . . . . . . . . Scanalyzers . | . . . . . . . . . . . . . . . . . . . . . . . . . . . . . Garrison Access 2 | . . . . . . . . . . . . . . . . . . . . . . . 1 . . 1 . . Reprogram 1 | . . . . . . . . . . . . . . . . . . . . . . . 1 . . . . . Watchers 1 | . . . . . . . . . . . . . . . . . . . . . . . . . . 1 . . Data Cores Recovered . | . . . . . . . . . . . . . . . . . . . . . . . . . . . . . Used . | . . . . . . . . . . . . . . . . . . . . . . . . . . . . . Hacking Detections 60 | . 1 1 4 . . . 7 1 4 2 3 1 2 2 3 . 2 . 9 . 3 . 7 4 2 1 1 . Full Trace Events 3 | . 1 . 1 . . . . . . . . . . . . . . . . . . . . 1 . . . . Feedback Events . | . . . . . . . . . . . . . . . . . . . . . . . . . . . . . Feedback Blocked . | . . . . . . . . . . . . . . . . . . . . . . . . . . . . . Robot Schematics Acquired . | . . . . . . . . . . . . . . . . . . . . . . . . . . . . . Robots Built . | . . . . . . . . . . . . . . . . . . . . . . . . . . . . . Authchips . | . . . . . . . . . . . . . . . . . . . . . . . . . . . . . Time . | . . . . . . . . . . . . . . . . . . . . . . . . . . . . . Total Robot Build Rating . | . . . . . . . . . . . . . . . . . . . . . . . . . . . . . Part Schematics Acquired 16 | . . . . . . . 5 . . . . . . . . . . . 1 . . . . . . . . 10 Parts Built . | . . . . . . . . . . . . . . . . . . . . . . . . . . . . . Authchips . | . . . . . . . . . . . . . . . . . . . . . . . . . . . . . Time . | . . . . . . . . . . . . . . . . . . . . . . . . . . . . . Total Part Build Rating . | . . . . . . . . . . . . . . . . . . . . . . . . . . . . . Parts Repaired 2 | . . . . . . . 2 . . . . . . . . . . . . . . . . . . . . . Time 64 | . . . . . . . 64 . . . . . . . . . . . . . . . . . . . . . Parts Recycled . | . . . . . . . . . . . . . . . . . . . . . . . . . . . . . Recycled Matter . | . . . . . . . . . . . . . . . . . . . . . . . . . . . . . Retrieved Matter . | . . . . . . . . . . . . . . . . . . . . . . . . . . . . . Retrieved Components 32 | . 3 . . . . . 10 . 8 . . . 2 . . . 7 . 2 . . . . . . . . . Parts Scanalyzed 6 | . . . . . . . 5 . . . . . . . . . . . 1 . . . . . . . . . Part Schematics Acquired 6 | . . . . . . . 5 . . . . . . . . . . . 1 . . . . . . . . . Parts Damaged 1 | . . . . . . . 1 . . . . . . . . . . . . . . . . . . . . . Bothacking | -11 -10 -10 -9 -9 -9 -8 -8 -8 -8 -8 -7 -7 -6 -6 -6 -6 -5 -5 -5 -5 -5 -5 -5 -4 -4 -3 -3 -3 ------------ Run | Yrd Mat Min Mat Min Exi Min Mat Gar Mat Gar Fac Gar Fac Gar Fac Gar Fac Was Fac Ext Cet Arc Hub Fac Gar Res Gar Tes Used RIF Installer 10 | . . . . . . . . 1 . 2 . 2 . 2 . 1 . . . . . . . . 1 . 1 . Hotswap 1 | . . . . . . . . . . . . 1 . . . . . . . . . . . . . . . . Command Fork 1 | . . . . . . . . . . 1 . . . . . . . . . . . . . . . . . . Threat Obfuscator 1 | . . . . . . . . . . . . . . . . . . . . . . . . . 1 . . . Signal Jammer 1 | . . . . . . . . . . . . . . . . . . . . . . . . . . . 1 . Zone Cloak 1 | . . . . . . . . . . . . . . 1 . . . . . . . . . . . . . . Structural Interface 1 | . . . . . . . . . . . . . . . . 1 . . . . . . . . . . . . Autooverride 2 | . . . . . . . . . . 1 . 1 . . . . . . . . . . . . . . . . Autoassimilate 1 | . . . . . . . . . . . . . . 1 . . . . . . . . . . . . . . Robots Hacked 220 | . . . . . 7 . . . 10 4 8 5 7 21 14 23 7 5 14 8 2 1 19 1 18 7 19 20 Non-combat 31 | . . . . . 3 . . . 5 . 4 . 5 . 1 . 3 . 6 . . 1 3 . . . . . Combat 189 | . . . . . 4 . . . 5 4 4 5 2 21 13 23 4 5 8 8 2 . 16 1 18 7 19 20 Autooverrided 53 | . . . . . . . . . . . . . . 9 5 6 3 . 3 5 1 . 4 . 4 2 3 8 Autoassimilated 25 | . . . . . . . . . . . . . . . 4 7 . . . 3 1 . 3 . 3 1 2 1 Robot Hacks Applied 171 | . . . . . 7 . . . 11 5 13 5 10 15 8 10 6 8 14 . . 1 14 1 10 3 16 14 parse_system 30 | . . . . . 7 . . . 3 . 2 . 2 1 . . 1 1 3 . . 1 1 . 4 . 2 2 no_distress 7 | . . . . . . . . . 2 . . . 2 . . . . . 1 . . . 2 . . . . . generate_echo 1 | . . . . . . . . . . . 1 . . . . . . . . . . . . . . . . . find_chute 1 | . . . . . . . . . . . 1 . . . . . . . . . . . . . . . . . ignore_repairs 2 | . . . . . . . . . 1 . . . . . . . . . . . . . 1 . . . . . drop_inventory 2 | . . . . . . . . . . . . . 1 . . . . . 1 . . . . . . . . . find_recycling 3 | . . . . . . . . . 1 . 1 . . . . . 1 . . . . . . . . . . . ignore_parts 2 | . . . . . . . . . . . . . 2 . . . . . . . . . . . . . . . purge_threat 4 | . . . . . . . . . . . 2 . . . 2 . . . . . . . . . . . . . reprogram_traps 2 | . . . . . . . . . . . 1 . . . 1 . . . . . . . . . . . . . map_route 3 | . . . . . . . . . . . . . 1 . . . 1 . 1 . . . . . . . . . mark_security 1 | . . . . . . . . . . . . . . . . . 1 . . . . . . . . . . . find_scanalyzer 1 | . . . . . . . . . . . . . . . . . . . . . . . . . . . . 1 locate_prototypes 1 | . . . . . . . . . . . . . . . . . . . . . . . . . . . . 1 report_schematics 1 | . . . . . . . . . . . . . . . . . . . . . . . . . . . . 1 ignore_targets 7 | . . . . . . . . . . . . . . . . . . 7 . . . . . . . . . . find_garrison 6 | . . . . . . . . . 1 . 1 . . . . . 1 . 1 . . . 1 . . 1 . . scatter_targeting 1 | . . . . . . . . . . . . . . . . . . . . . . . . . 1 . . . disrupt_area 1 | . . . . . . . . . . . . . . . . 1 . . . . . . . . . . . . overload_power 2 | . . . . . . . . . . 1 . . . . . 1 . . . . . . . . . . . . amplify_resonance 24 | . . . . . . . . . 1 1 . 1 1 4 2 2 . . 1 . . . . 1 1 . 4 5 disable_weapons 11 | . . . . . . . . . . 1 . 1 . 2 . 1 . . . . . . 1 . 1 1 3 . reboot_system 12 | . . . . . . . . . . 1 3 . 1 2 1 . . . . . . . 2 . . . 2 . overwrite_iff 17 | . . . . . . . . . 1 1 . . . . . 3 1 . 2 . . . 4 . . 1 1 3 formatsys_low 2 | . . . . . . . . . . . 1 . . . . . . . 1 . . . . . . . . . formatsys_high 26 | . . . . . . . . . 1 . . 3 . 5 2 2 . . 3 . . . 2 . 3 . 4 1 formatsys_deep 1 | . . . . . . . . . . . . . . 1 . . . . . . . . . . . . . . Relay Couplers Released 125 | . . . . . . . . 21 . 16 4 9 . 23 . 24 . . . . . . 1 . 15 . 12 . Machine Destruction 110 | . . . . . . . . 17 . 13 . 9 . 23 . 20 . . . . . . 1 . 15 . 12 . Programmers 15 | . . . . . . . . 4 . 3 4 . . . . 4 . . . . . . . . . . . . Attached 53 | . . . . . . . . . 2 2 2 2 2 8 2 4 1 . 3 2 . . 4 . 7 . 6 6 Fabnet Peak Effective % 3 | . . . . . . . . . . . . . . . . . . . . . . . . 3 3 1 1 1 Autooverrided 3 | . . . . . . . . . . . . . . . . . . . . . . . . . 2 1 . . Robots Rewired 25 | . . . . . . . . . . 3 . . . 2 . 6 . . . 9 . . . . 4 . 1 . Allies Hacked 4 | . . . . . . . . . . . . . . . . . . . 2 . . . . . 1 . . 1 Hacks Repelled . | . . . . . . . . . . . . . . . . . . . . . . . . . . . . . Allies | -11 -10 -10 -9 -9 -9 -8 -8 -8 -8 -8 -7 -7 -6 -6 -6 -6 -5 -5 -5 -5 -5 -5 -5 -4 -4 -3 -3 -3 -------- Run | Yrd Mat Min Mat Min Exi Min Mat Gar Mat Gar Fac Gar Fac Gar Fac Gar Fac Was Fac Ext Cet Arc Hub Fac Gar Res Gar Tes Total Allies 170 | . . 2 . . . . . . 2 4 1 3 1 20 11 27 5 1 10 18 2 . 15 . 18 5 11 14 Largest Group 8 | . . 2 . . . . . . 1 3 4 3 4 8 6 7 7 6 6 6 5 . 3 . 7 7 4 4 Highest-Rated Group 588 | . . 45 . . . . . . 21 101 111 101 122 216 202 203 203 176 167 171 146 . 126 . 588 526 276 184 Highest-Rated Ally 119 | . . 31 . . . . . . 21 39 39 39 32 51 51 51 29 31 49 47 47 . 49 . 116 116 119 64 Total Orders 28 | . . . 3 . . . . . . . . 4 . 5 . . . . 1 . 1 . . . 8 . 6 . STAY 14 | . . . . . . . . . . . . 2 . 3 . . . . . . 1 . . . 5 . 3 . ROAM 1 | . . . . . . . . . . . . . . 1 . . . . . . . . . . . . . . FOLLOW 9 | . . . . . . . . . . . . 2 . 1 . . . . . . . . . . 3 . 3 . AID 1 | . . . . . . . . . . . . . . . . . . . 1 . . . . . . . . . RETURN 3 | . . . 3 . . . . . . . . . . . . . . . . . . . . . . . . . Ally Attacks 960 | . . 12 8 . . . . . 10 4 24 16 27 69 62 112 51 132 20 81 39 . 57 . 88 53 61 34 Total Damage 24312 | . . 105 52 . . . . . 263 76 329 299 821 1668 1437 1598 672 2321 693 1441 593 . 1586 . 4547 2175 2663 973 Kills 175 | . . 2 . . . . . . 4 1 5 3 9 16 13 21 4 6 6 13 5 . 11 . 29 12 11 4 Allies Corrupted 6 | . . . . . . . . . . . . . . . . . . . 1 1 . . . . . 1 1 2 Allies Melted 2 | . . . . . . . . . . . . . . . . . . . 1 1 . . . . . . . . Intel | -11 -10 -10 -9 -9 -9 -8 -8 -8 -8 -8 -7 -7 -6 -6 -6 -6 -5 -5 -5 -5 -5 -5 -5 -4 -4 -3 -3 -3 ------- Run | Yrd Mat Min Mat Min Exi Min Mat Gar Mat Gar Fac Gar Fac Gar Fac Gar Fac Was Fac Ext Cet Arc Hub Fac Gar Res Gar Tes Robot Analysis Total 6 | . . 1 2 . . . 2 . 1 . . . . . . . . . . . . . . . . . . . Derelict Logs Recovered 2 | . . 1 . 1 . . . . . . . . . . . . . . . . . . . . . . . . Drone Launches 11 | . . . 11 . . . . . . . . . . . . . . . . . . . . . . . . . Drone Recoveries 11 | . . . 11 . . . . . . . . . . . . . . . . . . . . . . . . . Exploration | -11 -10 -10 -9 -9 -9 -8 -8 -8 -8 -8 -7 -7 -6 -6 -6 -6 -5 -5 -5 -5 -5 -5 -5 -4 -4 -3 -3 -3 ------------- Run | Yrd Mat Min Mat Min Exi Min Mat Gar Mat Gar Fac Gar Fac Gar Fac Gar Fac Was Fac Ext Cet Arc Hub Fac Gar Res Gar Tes Turns Passed 23242 | 166 392 660 583 146 913 208 1655 1549 565 1295 651 1195 526 1717 369 1704 442 597 1096 1001 607 425 969 221 1702 227 1392 269 Spaces Moved 12118 | 70 185 381 259 99 727 162 960 924 252 785 344 611 213 886 189 918 219 338 532 389 238 155 455 124 796 114 707 86 Core 61 | 51 . . . . . . . 2 . . . . . . . . . . . . . . . . . . . 8 Treads 7852 | . . . . . . . . 209 106 232 344 611 213 886 189 918 219 338 532 389 238 155 455 124 796 114 707 77 Legs . | . . . . . . . . . . . . . . . . . . . . . . . . . . . . . Wheels 4204 | 19 185 381 259 99 727 162 960 713 146 553 . . . . . . . . . . . . . . . . . . Hover 1 | . . . . . . . . . . . . . . . . . . . . . . . . . . . . 1 Flight . | . . . . . . . . . . . . . . . . . . . . . . . . . . . . . Fastest Speed 50 | 50 95 130 135 135 105 120 110 110 125 110 165 165 165 165 160 160 165 157 145 152 160 160 160 160 160 160 160 50 Average Speed 151 | 172 136 136 187 135 121 120 118 127 181 132 165 166 215 165 160 160 165 157 154 170 167 160 160 160 160 160 160 148 Slowest Speed 1150 | 250 200 175 190 135 135 120 170 1150 243 165 165 410 250 165 165 160 165 165 240 250 250 160 240 160 160 160 160 160 Overloaded Moves . | . . . . . . . . . . . . . . . . . . . . . . . . . . . . . Propulsion Burnouts . | . . . . . . . . . . . . . . . . . . . . . . . . . . . . . Robots Hopped . | . . . . . . . . . . . . . . . . . . . . . . . . . . . . . Cave-ins Triggered . | . . . . . . . . . . . . . . . . . . . . . . . . . . . . . Exploration Rate (%) 49 | 4 36 66 32 26 93 46 62 93 25 87 10 77 8 85 9 90 7 84 18 75 69 88 48 3 95 4 89 17 Regions Visited 28 Branch Regions 9 Pre-discovered Areas 2 | . 1 . . . 1 . . . . . . . . . . . . . . . . . . . . . . . Known Exits Taken 13 | . 1 1 1 1 1 1 1 . 1 . 1 . 1 . 1 . . . . . . . . 1 . 1 . . Unknown Exits Taken 6 | 1 . . . . . . . . . . . . . . . . . . 1 1 1 1 1 . . . . . Scrap Searched 1 | . . 1 . . . . . . . . . . . . . . . . . . . . . . . . . . Spaces Dug 13 | . . . . . . . 7 . . 1 . . . . . . . . . . . . 2 . 3 . . . Terrain Destroyed 941 | . . 42 14 9 . 16 83 38 4 9 51 114 4 157 . 90 . . 49 14 13 7 174 1 18 3 21 10 Melee 3 | . . . . . . . . . . . . . . . . . . . . . . . . . 3 . . . Projectile 172 | . . . . . . . 22 27 4 9 2 2 4 12 . 1 . . 2 9 13 7 11 1 15 . 21 10 AOE 766 | . . 42 14 9 . 16 61 11 . . 49 112 . 145 . 89 . . 47 5 . . 163 . . 3 . . Terrain Rammed . | . . . . . . . . . . . . . . . . . . . . . . . . . . . . . Walls Destroyed . | . . . . . . . . . . . . . . . . . . . . . . . . . . . . . Machines Disabled . | . . . . . . . . . . . . . . . . . . . . . . . . . . . . . Actions | -11 -10 -10 -9 -9 -9 -8 -8 -8 -8 -8 -7 -7 -6 -6 -6 -6 -5 -5 -5 -5 -5 -5 -5 -4 -4 -3 -3 -3 --------- Run | Yrd Mat Min Mat Min Exi Min Mat Gar Mat Gar Fac Gar Fac Gar Fac Gar Fac Was Fac Ext Cet Arc Hub Fac Gar Res Gar Tes Total 15383 | 94 252 456 312 108 757 168 1303 1173 331 941 408 743 255 1061 236 1078 286 381 732 649 364 250 590 143 1113 143 882 174 Wait 910 | 4 15 16 12 . . . 151 57 32 13 9 29 5 40 10 25 42 15 96 21 36 43 14 8 162 3 46 6 Move 12085 | 69 184 380 258 98 726 161 959 922 251 783 343 609 212 884 188 916 219 337 531 388 237 154 454 123 795 113 705 86 Hop . | . . . . . . . . . . . . . . . . . . . . . . . . . . . . . Pick Up 224 | 5 12 15 7 1 3 . 14 22 4 9 2 11 3 15 1 12 3 2 7 8 11 4 5 2 22 . 18 6 Fast Attach 162 | 7 1 . 1 . 6 . 20 5 2 3 4 8 2 8 7 7 . 3 15 8 9 3 15 2 10 5 6 5 Attach 141 | . 1 8 5 3 . . 14 9 1 6 8 10 2 2 4 2 5 . 7 7 11 1 7 2 8 4 6 8 Detach 39 | . 1 . 1 1 . . 9 3 . 2 5 3 . 1 . . 2 . . 2 1 1 3 . 2 2 . . Swap 156 | . 2 2 2 2 2 4 12 3 9 9 5 7 5 10 2 11 . 2 6 3 4 1 8 2 20 1 14 8 Drop 239 | . . 1 3 1 13 . 24 23 4 7 6 18 4 18 6 15 1 4 10 4 5 2 15 2 21 5 17 10 Fire 1063 | 9 36 34 23 2 . 3 100 90 28 54 26 48 22 66 18 63 14 18 60 41 50 40 40 2 65 10 56 45 Melee 40 | . . . . . 7 . . . . . . . . . . . . . . . . 1 26 . 6 . . . Ram . | . . . . . . . . . . . . . . . . . . . . . . . . . . . . . Kick . | . . . . . . . . . . . . . . . . . . . . . . . . . . . . . Crush 2 | . . . . . . . . . . . . . . . . . . . . . . . 2 . . . . . Escape Stasis 81 | . . . . . . . . 39 . 39 . . . . . 2 . . . . . . . . 1 . . . Rewire 241 | . . . . . . . . . . 16 . . . 17 . 25 . . . 167 . . 1 . 1 . 14 . Trap . | . . . . . . . . . . . . . . . . . . . . . . . . . . . . . Miscellaneous . | . . . . . . . . . . . . . . . . . . . . . . . . . . . . . Route ------- -11/Scrapyard -10/Materials -10/Mines -9/Materials -9/Mines (discovered 2 exits: *Mat / *Exi) -9/Exiles -8/Mines -8/Materials (discovered 5 exits: *Fac x2 / *Sto x2 / Gar) -8/Garrison (discovered 3 exits: *Mat x3) -8/Materials (discovered 2 exits: *Sto / Gar) -8/Garrison (discovered 3 exits: *Fac x3) -7/Factory -7/Garrison (discovered 3 exits: *Fac x3) -6/Factory -6/Garrison (discovered 3 exits: *Fac x3) -6/Factory (discovered 2 exits: [*Low] / Gar) -6/Garrison (discovered 4 exits: *Fac x3 / [*Fac]) -5/Factory -5/Waste -5/Factory -5/Extension (discovered 3 exits: *Fac x2 / *Cet) -5/Cetus (discovered 2 exits: *Fac / *Arc) -5/Archives (discovered 3 exits: *Fac / *Hub x2) -5/Hub_04(d) (discovered 2 exits: *Fac x2) -4/Factory -4/Garrison (discovered 3 exits: *Res x3) -3/Research -3/Garrison (discovered 3 exits: [*Tes x3]) -3/Testing History --------- Turn | Location | Event 11 | -11/Scrapyard | Discovered new exit (range 15) 167 | -11/Scrapyard | Entered Materials 307 | -10/Materials | Build established: Mutant 403 | -10/Materials | Discovered new exit (range 15) 422 | -10/Materials | Identified exit to Mines 559 | -10/Materials | Entered Mines 668 | -10/Mines | Learned Materials terminal intel 705 | -10/Mines | Core integrity fell below 50% 803 | -10/Mines | Assembled infested the area 808 | -10/Mines | Assisted by a Guerilla fighting off Assembled 881 | -10/Mines | Lost 3 allies 920 | -10/Mines | Discovered new exit (range 8) 930 | -10/Mines | Identified exit to Materials 1019 | -10/Mines | Found the Drone Emporium 1027 | -10/Mines | Found Prototype Device 1060 | -10/Mines | Core integrity fell below 20% 1093 | -10/Mines | Lost 3 parts (1p1n1w) 1219 | -10/Mines | Entered Materials 1219 | -9/Materials | Evolved 2 slots: Utility x2 1220 | -9/Materials | Loaded intel: 12 terminal locations 1249 | -9/Materials | Lost 3 parts (1p2n) 1266 | -9/Materials | Identified Splice Drone Bay 1533 | -9/Materials | Discovered new exit (range 7) 1562 | -9/Materials | Central database locked down 1638 | -9/Materials | Identified exit to Mines 1802 | -9/Materials | Entered Mines 1837 | -9/Mines | Discovered new exit (range 15) 1857 | -9/Mines | Identified exit to Materials 1902 | -9/Mines | Learned 2 Materials zone layouts 1915 | -9/Mines | A weapon hastily lodged in a ceiling crevice suddenly fell to the ground 1942 | -9/Mines | Deemed a non-threat by the Exiles lab entrance 1942 | -9/Mines | Discovered new exit (range 5) 1946 | -9/Mines | Identified exit to Exiles 1948 | -9/Mines | Entered Exiles 1981 | -9/Exiles | Met 8R-AWN 2005 | -9/Exiles | Met EX-HEX 2086 | -9/Exiles | Met EX-DEC 2138 | -9/Exiles | Visited The Gauntlet 2298 | -9/Exiles | Learned location of Zion (-7) 2331 | -9/Exiles | Met EX-BIN 2484 | -9/Exiles | Aligned with FarCom system 2486 | -9/Exiles | Given EX-Vault access code 2514 | -9/Exiles | Opened EX-Vault 2519 | -9/Exiles | Found Prototype Energy Cannon 2519 | -9/Exiles | Identified Firepult 2524 | -9/Exiles | Found Prototype Device 2524 | -9/Exiles | Identified Cloak of Protection 2532 | -9/Exiles | Found Prototype Device 2532 | -9/Exiles | Identified Chronowheel 2532 | -9/Exiles | Activated Chronowheel 2572 | -9/Exiles | Warned to stay clear of 0b10 Research branches 2852 | -9/Exiles | Discovered new exit (range 10) 2860 | -9/Exiles | Identified exit to Mines 2861 | -9/Exiles | Left Exiles lab with Firepult 2861 | -9/Exiles | Entered Mines 3023 | -8/Mines | Discovered exit to Materials (range 4) 3069 | -8/Mines | Entered Materials 3069 | -8/Materials | Evolved 2 slots: Propulsion x1, Utility x1 3070 | -8/Materials | Identified exit to Factory 3158 | -8/Materials | Repaired Grenade Launcher 3167 | -8/Materials | Build established: Scavenger-Mutant 3181 | -8/Materials | Identified exit to Storage 3358 | -8/Materials | Destroyed 7 combat bots 3607 | -8/Materials | Lost 3 parts (1n2u) 4137 | -8/Materials | Lost 6 parts (1p1n1u3w) 4142 | -8/Materials | Discovered exit to Factory (range 10) 4149 | -8/Materials | Found Corrupted Prototype Device 4629 | -8/Materials | Repaired Hvy. Assault Cannon 4723 | -8/Materials | Identified exit to Garrison 4724 | -8/Materials | Entered Garrison 4769 | -8/Garrison | Garrison Relay disabled 4790 | -8/Garrison | Triggered checkpoint 4896 | -8/Garrison | Triggered checkpoint 4917 | -8/Garrison | Core integrity fell below 50% 5021 | -8/Garrison | Triggered checkpoint 5268 | -8/Garrison | Triggered checkpoint 5282 | -8/Garrison | Discovered new exit (range 14) 5350 | -8/Garrison | Triggered checkpoint 5463 | -8/Garrison | Garrison Relay disabled 5485 | -8/Garrison | Discovered new exit (range 8) 5495 | -8/Garrison | Identified exit to Materials 5553 | -8/Garrison | Triggered checkpoint 5631 | -8/Garrison | Garrison Relay disabled 5834 | -8/Garrison | Lost 4 parts (3n1u) 6156 | -8/Garrison | Triggered checkpoint 6191 | -8/Garrison | Garrison Relay disabled 6234 | -8/Garrison | Discovered exit to Materials (range 13) 6247 | -8/Garrison | Installed Relay Interface Framework 6273 | -8/Garrison | Entered Materials 6287 | -8/Materials | Discovered exit to Storage (range 14) 6542 | -8/Materials | Build established: Bothacker-Mutant 6781 | -8/Materials | Garrison activated, responded to threat 6831 | -8/Materials | Identified exit to Garrison 6838 | -8/Materials | Entered Garrison 6850 | -8/Garrison | Triggered checkpoint 6947 | -8/Garrison | Garrison Relay disabled 7046 | -8/Garrison | Triggered checkpoint 7181 | -8/Garrison | Discovered exit to Factory (range 13) 7238 | -8/Garrison | Triggered checkpoint 7266 | -8/Garrison | Garrison Relay disabled 7364 | -8/Garrison | Triggered checkpoint 7441 | -8/Garrison | Expanded RIF knowledge: Command Fork 7470 | -8/Garrison | Triggered checkpoint 7501 | -8/Garrison | Garrison Relay disabled 7525 | -8/Garrison | Discovered exit to Factory (range 14) 7875 | -8/Garrison | Core integrity fell below 20% 7908 | -8/Garrison | Expanded RIF knowledge: Autooverride 7927 | -8/Garrison | Discovered exit to Factory (range 10) 7948 | -8/Garrison | Garrison Relay disabled 8133 | -8/Garrison | Entered Factory 8133 | -7/Factory | Accompanied by 3 allies 8133 | -7/Factory | Evolved 2 slots: Utility x1, Weapon x1 8438 | -7/Factory | Build established: Bothacker-Skirmisher 8668 | -7/Factory | Identified exit to Garrison 8784 | -7/Factory | Entered Garrison 8784 | -7/Garrison | Accompanied by 3 allies 8821 | -7/Garrison | Triggered checkpoint 8853 | -7/Garrison | Garrison Relay disabled 8966 | -7/Garrison | Triggered checkpoint 8968 | -7/Garrison | Triggered checkpoint 9010 | -7/Garrison | Lost 3 allies 9024 | -7/Garrison | Triggered checkpoint 9092 | -7/Garrison | Discovered new exit (range 12) 9242 | -7/Garrison | Triggered checkpoint 9281 | -7/Garrison | Garrison Relay disabled 9354 | -7/Garrison | Triggered checkpoint 9488 | -7/Garrison | Triggered checkpoint 9509 | -7/Garrison | Garrison Relay disabled 9548 | -7/Garrison | Discovered new exit (range 15) 9650 | -7/Garrison | H-XX Assembler disabled 9891 | -7/Garrison | Discovered new exit (range 13) 9924 | -7/Garrison | Expanded RIF knowledge: Hotswap 9952 | -7/Garrison | Expanded RIF knowledge: Autooverride 9979 | -7/Garrison | Entered Factory 9979 | -6/Factory | Accompanied by 3 allies 9979 | -6/Factory | Evolved 2 slots: Utility x2 10329 | -6/Factory | First assault squad dispatched 10379 | -6/Factory | Garrison activated, responded to threat 10401 | -6/Factory | Build established: Botlord-Tank 10474 | -6/Factory | Identified exit to Garrison 10505 | -6/Factory | Entered Garrison 10505 | -6/Garrison | Accompanied by 3 allies 10580 | -6/Garrison | Garrison Relay disabled 10590 | -6/Garrison | Garrison Relay disabled 10728 | -6/Garrison | Triggered checkpoint 10729 | -6/Garrison | Assimilated ARC 5a with formatsys_deep 10750 | -6/Garrison | Garrison Relay disabled 10903 | -6/Garrison | Build established: Botlord-Skirmisher 11017 | -6/Garrison | Triggered checkpoint 11018 | -6/Garrison | Triggered checkpoint 11056 | -6/Garrison | Triggered checkpoint 11074 | -6/Garrison | Triggered checkpoint 11276 | -6/Garrison | Discovered new exit (range 13) 11309 | -6/Garrison | Phase Generator disabled 11329 | -6/Garrison | Triggered checkpoint 11368 | -6/Garrison | Triggered checkpoint 11487 | -6/Garrison | Garrison Relay disabled 11508 | -6/Garrison | Triggered checkpoint 11644 | -6/Garrison | Discovered new exit (range 13) 11666 | -6/Garrison | Triggered checkpoint 11786 | -6/Garrison | Garrison Relay disabled 11828 | -6/Garrison | Triggered checkpoint 11900 | -6/Garrison | Discovered new exit (range 13) 11993 | -6/Garrison | Expanded RIF knowledge: Autoassimilate 12011 | -6/Garrison | Garrison Relay disabled 12151 | -6/Garrison | Expanded RIF knowledge: Zone Cloak 12222 | -6/Garrison | Entered Factory 12222 | -6/Factory | Accompanied by 3 allies 12431 | -6/Factory | Garrison activated, responded to threat 12479 | -6/Factory | Lost 3 allies 12509 | -6/Factory | Discovered new exit (range 15) 12527 | -6/Factory | Identified exit to Garrison 12591 | -6/Factory | Entered Garrison 12591 | -6/Garrison | Accompanied by 4 allies 12614 | -6/Garrison | Triggered checkpoint 12646 | -6/Garrison | Triggered checkpoint 12658 | -6/Garrison | Triggered checkpoint 12726 | -6/Garrison | Triggered checkpoint 12726 | -6/Garrison | Triggered checkpoint 12732 | -6/Garrison | Triggered checkpoint 12764 | -6/Garrison | Lost 10 allies 12870 | -6/Garrison | Triggered checkpoint 12919 | -6/Garrison | Garrison Relay disabled 12960 | -6/Garrison | Discovered new exit (range 10) 13051 | -6/Garrison | Build established: Botlord-Gunner 13098 | -6/Garrison | Discovered new exit (range 10) 13162 | -6/Garrison | Triggered checkpoint 13216 | -6/Garrison | Lost 4 allies 13252 | -6/Garrison | Phase Generator disabled 13281 | -6/Garrison | Garrison Relay disabled 13414 | -6/Garrison | Triggered checkpoint 13435 | -6/Garrison | Discovered new exit (range 3) 13565 | -6/Garrison | Discovered new exit (range 12) 13588 | -6/Garrison | Triggered checkpoint 13605 | -6/Garrison | Garrison Relay disabled 13624 | -6/Garrison | Garrison Relay disabled 13719 | -6/Garrison | Expanded RIF knowledge: Structural Interface 13893 | -6/Garrison | Garrison Relay disabled 14040 | -6/Garrison | Lost 3 allies 14295 | -6/Garrison | Entered Factory 14295 | -5/Factory | Accompanied by 5 allies 14295 | -5/Factory | Evolved 2 slots: Propulsion x1, Weapon x1 14423 | -5/Factory | Discovered new exit (range 6) 14654 | -5/Factory | Build established: Botlord-Skirmisher 14737 | -5/Factory | Sucked down chute 14737 | -5/Factory | Entered Waste 14738 | -5/Waste | Met a frightened Derelict 14751 | -5/Waste | Spotted C-40 Crusher 14760 | -5/Waste | Destroyed C-40 Crusher 14790 | -5/Waste | 5 allies followed down the chute 14810 | -5/Waste | Spotted C-40 Crusher 14825 | -5/Waste | Spotted C-40 Crusher 14833 | -5/Waste | Spotted C-40 Crusher 14839 | -5/Waste | Allies destroyed C-40 Crusher 14849 | -5/Waste | Spotted C-40 Crusher 14874 | -5/Waste | Destroyed C-40 Crusher 14875 | -5/Waste | Spotted C-40 Crusher 14882 | -5/Waste | Allies destroyed C-40 Crusher 14887 | -5/Waste | Allies destroyed C-40 Crusher 14905 | -5/Waste | Allies destroyed C-40 Crusher 14910 | -5/Waste | Discovered new exit (range 16) 15209 | -5/Waste | Found Adv. Powered Armor 15334 | -5/Waste | Entered Factory 15334 | -5/Factory | Accompanied by 4 allies 15994 | -5/Factory | Cargo convoy interrupted 16050 | -5/Factory | Destroyed 8 combat bots 16073 | -5/Factory | Lost 5 allies 16076 | -5/Factory | Lost 6 parts (1n3u2w) 16093 | -5/Factory | Found Corrupted Enh. Gamma Bomb Array 16417 | -5/Factory | Discovered new exit (range 10) 16430 | -5/Factory | Entered Extension 16443 | -5/Extension | System corruption reached 10% 16477 | -5/Extension | Energy Cycler disabled 16477 | -5/Extension | Rescued a captive Derelict 16478 | -5/Extension | Rescued a captive Derelict 16479 | -5/Extension | Rescued a captive Derelict 16482 | -5/Extension | Rescued a captive Derelict 16483 | -5/Extension | Rescued a captive Derelict 16487 | -5/Extension | Rescued a captive Derelict 16727 | -5/Extension | Spotted B-75 Beast 16733 | -5/Extension | Spotted B-75 Beast 16738 | -5/Extension | Extracted ID and sensor layout for unrecognized location from A7's data core 16763 | -5/Extension | Destroyed B-75 Beast 16769 | -5/Extension | Destroyed B-75 Beast 16782 | -5/Extension | Discovered new exit (range 15) 16792 | -5/Extension | Lost 3 parts (2u1w) 17025 | -5/Extension | Build established: Scavenger-Tank 17206 | -5/Extension | Lost 5 allies 17403 | -5/Extension | Discovered new exit (range 10) 17405 | -5/Extension | Discovered new exit (range 6) 17430 | -5/Extension | Disrupted transfer network 17431 | -5/Extension | Entered Cetus 17431 | -5/Cetus | Accompanied by 5 allies 17454 | -5/Cetus | Spotted Cetus Guard 17454 | -5/Cetus | Spotted Cetus Guard 17456 | -5/Cetus | Allies destroyed Cetus Guard 17456 | -5/Cetus | Spotted Cetus Guard 17467 | -5/Cetus | Destroyed Cetus Guard 17467 | -5/Cetus | Spotted Cetus Guard 17471 | -5/Cetus | Allies destroyed Cetus Guard 17473 | -5/Cetus | Destroyed Cetus Guard 17527 | -5/Cetus | Lost 3 allies 17719 | -5/Cetus | Discovered new exit (range 16) 17754 | -5/Cetus | Spotted Cetus Guard 17754 | -5/Cetus | Spotted Cetus Guard 17760 | -5/Cetus | Spotted Cetus Guard 17792 | -5/Cetus | Spotted Cetus Guard 17803 | -5/Cetus | Destroyed Cetus Guard 17820 | -5/Cetus | Core integrity fell below 50% 17839 | -5/Cetus | Destroyed Cetus Guard 17876 | -5/Cetus | Lost 13 parts (1p2n4u6w) 17898 | -5/Cetus | Destroyed Cetus Guard 17901 | -5/Cetus | Destroyed Cetus Guard 17911 | -5/Cetus | Discovered new exit (range 16) 17929 | -5/Cetus | Met Revision 17 17945 | -5/Cetus | System corruption reached 30% 18038 | -5/Cetus | Entered Archives 18163 | -5/Archives | Discovered new exit (range 13) 18256 | -5/Archives | Unable to access archive contents 18302 | -5/Archives | Discovered new exit (range 14) 18418 | -5/Archives | Discovered new exit (range 14) 18463 | -5/Archives | Entered Hub_04(d) 18464 | -5/Hub_04(d) | Discovered new exit (range 11) 18483 | -5/Hub_04(d) | Build established: Botlord-Tank 18596 | -5/Hub_04(d) | Found Unknown Protection 18596 | -5/Hub_04(d) | Identified Hvy. Insulated Plating 18991 | -5/Hub_04(d) | Build established: Botlord-Skirmisher 19232 | -5/Hub_04(d) | Discovered new exit (range 9) 19246 | -5/Hub_04(d) | Lost 8 allies 19332 | -5/Hub_04(d) | Network Hub disabled 19360 | -5/Hub_04(d) | Disrupted transfer network 19363 | -5/Hub_04(d) | First assault squad dispatched 19420 | -5/Hub_04(d) | Spotted Lightning 19422 | -5/Hub_04(d) | Spotted Lightning 19422 | -5/Hub_04(d) | Spotted Lightning 19432 | -5/Hub_04(d) | Entered Factory 19432 | -4/Factory | Evolved 2 slots: Power x1, Utility x1 19446 | -4/Factory | Identified exit to DSF 19453 | -4/Factory | Build established: Bothacker-Skirmisher 19518 | -4/Factory | Identified exit to Garrison 19653 | -4/Factory | Entered Garrison 19662 | -4/Garrison | Phase Generator disabled 19710 | -4/Garrison | Triggered checkpoint 19793 | -4/Garrison | Build established: Bothacker-Tank 19886 | -4/Garrison | Garrison Relay disabled 20191 | -4/Garrison | Spotted B-86 Titan 20194 | -4/Garrison | Build established: Botlord-Tank 20196 | -4/Garrison | Triggered checkpoint 20196 | -4/Garrison | Assimilated Titan 7a with formatsys_high 20200 | -4/Garrison | Triggered checkpoint 20214 | -4/Garrison | Triggered checkpoint 20216 | -4/Garrison | Triggered checkpoint 20255 | -4/Garrison | Spotted B-86 Titan 20255 | -4/Garrison | Spotted B-86 Titan 20256 | -4/Garrison | Autoassimilated Titan 7b with RIF 20273 | -4/Garrison | Allies destroyed B-86 Titan 20382 | -4/Garrison | Triggered checkpoint 20404 | -4/Garrison | Triggered checkpoint 20462 | -4/Garrison | Garrison Relay disabled 20564 | -4/Garrison | Garrison Relay disabled 20632 | -4/Garrison | Discovered new exit (range 10) 20806 | -4/Garrison | Triggered checkpoint 20846 | -4/Garrison | Found embedded Infiltrators 20920 | -4/Garrison | Triggered checkpoint 20955 | -4/Garrison | Discovered new exit (range 15) 21001 | -4/Garrison | Expanded RIF knowledge: Threat Obfuscation 21151 | -4/Garrison | Garrison Relay disabled 21164 | -4/Garrison | Triggered checkpoint 21181 | -4/Garrison | Discovered new exit (range 11) 21205 | -4/Garrison | Spotted B-90 Cyclops 21208 | -4/Garrison | Rewired B-75 Beast 21209 | -4/Garrison | Allies destroyed B-90 Cyclops 21210 | -4/Garrison | Rewired B-86 Titan 21355 | -4/Garrison | Entered Research 21355 | -3/Research | Accompanied by 6 allies 21355 | -3/Research | Evolved 2 slots: Utility x2 21413 | -3/Research | Garrison activated, responded to threat 21414 | -3/Research | Spotted B-86 Titan 21429 | -3/Research | Allies destroyed B-86 Titan 21562 | -3/Research | Identified exit to Garrison 21582 | -3/Research | Entered Garrison 21582 | -3/Garrison | Accompanied by 4 allies 21598 | -3/Garrison | Spotted Executioner 21598 | -3/Garrison | Spotted Executioner 21620 | -3/Garrison | Destroyed Executioner 21622 | -3/Garrison | Allies destroyed Executioner 21635 | -3/Garrison | Found Exp. Core Analyzer 21681 | -3/Garrison | Rewired Executioner 21776 | -3/Garrison | Garrison Relay disabled 21865 | -3/Garrison | Spotted B-86 Titan 21866 | -3/Garrison | Triggered checkpoint 21867 | -3/Garrison | Assimilated Titan 8a with formatsys_high 21910 | -3/Garrison | Triggered checkpoint 21910 | -3/Garrison | Lost 6 allies 21948 | -3/Garrison | Build established: Botlord-Skirmisher 22146 | -3/Garrison | Discovered new exit (range 10) 22156 | -3/Garrison | Triggered checkpoint 22205 | -3/Garrison | Garrison Relay disabled 22413 | -3/Garrison | Found Adv. Force Booster 22447 | -3/Garrison | Discovered new exit (range 11) 22508 | -3/Garrison | Triggered checkpoint 22511 | -3/Garrison | Garrison Relay disabled 22616 | -3/Garrison | P-80 Master assimilated allied Warden 8b 22731 | -3/Garrison | Spotted B-86 Titan 22758 | -3/Garrison | Allies destroyed B-86 Titan 22797 | -3/Garrison | Build established: Botlord-Tank 22824 | -3/Garrison | Triggered checkpoint 22877 | -3/Garrison | Expanded RIF knowledge: Signal Jamming 22951 | -3/Garrison | Discovered new exit (range 13) 22974 | -3/Garrison | Entered Testing 22974 | -3/Testing | Accompanied by 1 ally 22975 | -3/Testing | Maximum security lockdown engaged 23039 | -3/Testing | Spotted PX-EOAY42RPP4 23054 | -3/Testing | Allies destroyed PX-EOAY42RPP4 23107 | -3/Testing | Found Prototype Energy Gun 23107 | -3/Testing | Identified Tachyon Dispersion Ray 23147 | -3/Testing | System corruption reached 10% 23179 | -3/Testing | Lost 5 allies 23209 | -3/Testing | Destroyed 7 combat bots 23216 | -3/Testing | Spotted Investigator 23216 | -3/Testing | Spotted Executioner 23218 | -3/Testing | P-80 Master assimilated allied G-67 Veteran 23219 | -3/Testing | Scanned by Researcher 23222 | -3/Testing | Spotted Executioner 23238 | -3/Testing | Core integrity fell below 50% 23241 | -3/Testing | Core integrity fell below 20% 23243 | -3/Testing | Destroyed by G-67 Veteran with Plasma Rifle Last Messages --------------- 23237_ Acquired Cesium-ion Thruster. 23237_ Penetrated by Slug. 23237_ Cld. Antigrav System destroyed. 23237_ Relay Coupler [Sentry] destroyed. 23237_ Investigator stasis bubble strength at 74. 23238_ I-47 Archangel stasis bubble strength at 20. 23238_ Cesium-ion Thruster destroyed. 23238_ Investigator stasis bubble strength at 65. 23239_ I-47 Archangel stasis bubble strength at 10. 23239_ M-36 Artificer fits Backup Power VII on G-73 Enforcer. 23239_ Acquired 16 matter. 23239_ Relay Coupler [Specialist] destroyed. 23239_ Investigator stasis bubble strength at 56. 23240_ I-47 Archangel stasis bubble bursts. 23240_ Relay Coupler [Swarmer] destroyed. 23240_ Relay Coupler [Grunt] destroyed. 23240_ Investigator stasis bubble strength at 47. 23241_ Slug penetrates Machine. 23241_ Held in stasis. 23241_ Investigator is analyzing... Map ----- +----------------------------------------------------+ | ????# # #???????????????? | | ????##"" "## #???????????????? | | ??????"&"########## ### #???????????????? | | ??????##?########## #???? #???????????????? | | ?????????# # #??????????????????????? | | ?????????#""" = + #??????????????????????? | | ?????????#""" # #??????????????????????? | | ?????????#""" # #??????????????????????? | | ?????????# / i #??????????????????????? | | ?????????# [ ## ###??????#???????????????? | | ?????????# [[ ## #??????? #???????????????? | | ?????????# [[[ ## #?????? ##########??????? | | ?????????# [[ ## ###???? ^ ???????? | | ?????????###########%; #??? ????????? | | ????????????##"####;+;;###? """ "????????? | | ????????????# % # """ """??????? | | ????????????# # """ """ ?????? | | ????????????# " ! ; /! ? | | ????????????# " """!!# /! """ """??????? | | ????????????# """" = # = """ ""???????? | | ????????????# """ ] % ! """ ""???????? | | ????????????# """" # =![ %% ??? | | ????????????# """ %=; w =%* ?? | | ????????##?## """ %# !######" "#####??? | | ????????# #; """ = [;p=i #??????T"#??????? | | ?????????# ; *%@ ;p%g ##??????????????? | | ??????????# ; g !g ;#??????????????? | | ??????????# # %[l b E ;##?????????????? | | ???????????# =/ [!l*] [p # ??? | | ???????????# =* = [%!%g %% g * " "????? | | ???????????# = =/*%/=[ = !%!""""???????? | | ???????????#;%!!= [ [%!pgEpii%c"""????????? | | ??????????#;;%[==% % g i !h!"" ???????? | | ??????????##" %; [ m [*%! " ??????? | | ???????????#" ; !;= i%"""?????? | | ???????????#" ] # """ """ %"""# " ????? | | ???????????# ""# "" """ #? ?? ????? | | ???????????#"" "#?# """ """ = #???????+?????? | | ???????????###"##?# """ """ +?????????????? | | ?????????????#????# """ """ #?????????????? | | ??????????????????# #?????????????? | | ??????????????????# ! ? #?????????????? | | ??????????????????#########???###?????????????? | | ??????????????????????????????????????????????? | | ??????????????????????????????????????????????? | | ??????????????????????????????????????????????? | | ??????????????????????????????????????????????? | | ??????????????????????????????????????????????? | | ??????????????????????????????????????????????? | | ??????????????????????????????????????????????? | +----------------------------------------------------+ Best States ------------- Heat Dissipation 96 Energy Generation 43 Energy Capacity 590 Matter Stores 550 Matter Capacity 550 Sight Range 23 Terrain Scan Range 16 Terrain Scan Density 10 Armor Coverage 1200 Resistance: EM 30 Weapon Cycling 15 Phase Shifting 10 Evasion (%) 50 Targeting Accuracy 16 Target Analysis 5 Core Analysis 8 Recoil Reduction 4 Salvage Targeting 3 Offensive Hacking 10 Defensive Hacking 14 Relay Coupler Types 6 Relay Coupler Value 245 Authchip Count 1 Item Schematics ----------------- Bore Cannon | -8/Materials | Scanalyzed Adv. Treads | -8/Materials | Scanalyzed Lgt. Armor Plating | -8/Materials | Scanalyzed Lrn. Tractor Beam | -8/Materials | Scanalyzed Lgt. Deuterium Engine | -8/Materials | Scanalyzed Biometal Heavy Treads | -5/Factory | Scanalyzed Point Defense Array | -3/Testing | Reported Tactical Quantum Warhead | -3/Testing | Reported Stealth Drone Bay | -3/Testing | Reported Particle Reactor | -3/Testing | Reported Spectral Analyzer | -3/Testing | Reported Hvy. Antimatter Reactor | -3/Testing | Reported Com. Mass Driver | -3/Testing | Reported Proton Burst Cannon | -3/Testing | Reported Imp. KE Penetrator | -3/Testing | Reported Exp. Coolant Injector | -3/Testing | Reported Robot Schematics ------------------ None Fabricated ------------ Nothing Alien Tech Used ----------------- None Achievements -------------- None Challenges ------------ None Game ------ Seed TrapGrenadeSubcomponent Manual? 0 Play Time 05:41:06 Cumulative 306.8 hours Start 2024.04.06 @ 18:38:01 End 2024.04.08 @ 00:46:18 Sessions 5 Manual Loads 0 Difficulty Rogue Special Mode None Game No. 57 Rogue 13 Adventurer 43 Explorer 1 Win Type - Total 17 Types 6/0/5/4/1/0/1/0/0 Lore% 69 Gallery% 80 Achievement% 73 Wizard Run 0 Options --------- Layout 0 ASCII 0 Keyboard 0 Movement Numpad Keybinds 0 Fullscreen 1 Font 24/Smallcaps Map View 76x50 Zoom Use 0% Tactical HUD 1 Map Filters NONE Filters NONE Steam 1 RUN: a65ced28-f348-4de7-9b39-7149db4b759f